[Event "Early-Titled-Tuesday-Blitz-January-16-2024"]
[Site "Chess.com"]
[Date "2024.01.16"]
[Round "7"]
[White "The_Straightforward_Rook"]
[Black "RodokininEV"]
[Result "0-1"]
[WhiteElo "2471"]
[BlackElo "2619"]
[TimeControl "180+1"]
[EndTime "9:23:22 PST"]
[Termination "RodokininEV won by checkmate"]

1. e4 e5 2. Nf3 Nc6 3. Bc4 Bc5 4. d3 Nf6 5. Bg5 d6 6. c3 a5 7. Nbd2 Ba7 8. O-O h6 9. Bh4 g5 10. Bg3 O-O 11. Kh1 Qe7 12. Bb5 Bd7 13. Nc4 Rfe8 14.
Ne3 Qf8 15. Re1 Qg7 16. h3 h5 17. Bxc6 bxc6 18. h4 g4 19. Ng1 d5 20. Nf5 Bxf5 21. exf5 Nd7 22. Qd2 f6 23. d4 Qh7 24. dxe5 fxe5 25. Qg5+ Kh8 26. f6 Rg8 27. Qd2 Rae8 28. c4 Nxf6 29. Bxe5 Rxe5 30. Rxe5 Ne4 31. Rxe4 dxe4 32.
Qxa5 Bxf2 33. Qe5+ Rg7 34. Qe8+ Rg8 35. Qe5+ Rg7 36.
Rd1 Bxh4 37. Rd7 Bg5 38. Qe8+ Qg8 39. Qxh5+ Rh7 40. Rxh7+ Qxh7 41. Qxh7+ Kxh7 42. Ne2 Be3 43. Kh2 Kg6 44. Kg3 Kg5 45. b4 c5 46. b5 Bd2 47. a4 Kf5 48. Kf2 e3+ 49. Kf1 Ke4 50. Nc1 Bxc1 51. a5 Kd3 52. a6 e2+ 53. Kf2 Be3+ 54.
Kg3 e1=Q+ 55. Kxg4 Qa1 56. Kf5 Qa5 57. Ke6 Kxc4 58. Kd7 Kxb5 59. Kc8 Qxa6+ 60. Kb8 Qa4 61. g4 Qxg4 62. Kb7 Qg2+ 63. Kb8 Qd5 64. Kc8 c4 65. Kb8 c3 66. Kc8 c2 67. Kb8 c5 68. Kc8 c4 69.
Kb8 c3 70. Kc8 Bd2 71. Kb8 c1=Q 72. Kc8 Qa3 73. Kb8 Qaa8+ 74. Kc7 Qdb7+ 75. Kd6 Bf4+ 76.
Ke6 Qc6+ 77. Kf5 Qf8+ 78. Kg4 Qg2+ 79. Kh5 Qh6# 0-1

[Event "Early-Titled-Tuesday-Blitz-January-16-2024"]
[Site "Chess.com"]
[Date "2024.01.16"]
[Round "7"]
[White "vanyakuba"]
[Black "DanilNajdin"]
[Result "1-0"]
[WhiteElo "2329"]
[BlackElo "2483"]
[TimeControl "180+1"]
[EndTime "9:23:24 PST"]
[Termination "vanyakuba won on time"]

1. e4 c5 2. c3 Nf6 3. e5 Nd5 4. d4 d6 5. Nf3 cxd4 6. cxd4 Nc6 7. Bc4 Nb6 8. Bb5 dxe5 9. Nxe5 Bd7 10. Nxd7 Qxd7 11.
Nc3 O-O-O 12. Be3 e6 13. O-O a6 14. Be2 Nxd4 15. Bxd4 Qxd4 16. Qb3 Qb4 17. Qc2 Kb8 18.
a3 Qf4 19. g3 Qf6 20. Qb3 Ka7 21. a4 Nd5 22. a5 Nxc3 23. Qb6+ Ka8 24. Bxa6 Rd7 25. bxc3 e5 26. Bb5 Rd6 27. Qc7 Qd8 28. Qc4 Be7 29. a6 b6 30. Qe4+ Rd5 31. Bc6+ Ka7 32.
Bxd5 g6 33. Bc4 Qc7 34. Qb7+ Qxb7 35. axb7+ Kxb7 36. Bxf7 Kc6 37. c4 Rf8 38. Bd5+ Kc5 39. Kg2 Kd4 40. Rab1 Bc5 41. Rfd1+ Kc3 42. Rbc1+ Kb2 43.
Rb1+ Kc2 44. Rf1 g5 45. Rb5 g4 46. Rxc5 bxc5 47. Be4+ Kc3 48. Bd5 h5 49. Re1 Kd4 50.
Re4+ Kd3 51. Rxe5 Rh8 52. Bf7 h4 53. gxh4 1-0

[Event "Early-Titled-Tuesday-Blitz-January-16-2024"]
[Site "Chess.com"]
[Date "2024.01.16"]
[Round "7"]
[White "Cheer_Down"]
[Black "JCVanDamme10"]
[Result "0-1"]
[WhiteElo "2496"]
[BlackElo "2330"]
[TimeControl "180+1"]
[EndTime "9:23:27 PST"]
[Termination "JCVanDamme10 won on time"]

1. d4 d5 2. c4 c6 3. Nf3 Nf6 4. Nc3 g6 5. cxd5 cxd5 6. Bf4 Nc6 7. e3 a6 8. h3 Bg7 9. Rc1 O-O 10. Bd3 b5 11. O-O Bb7 12. Qe2 Rc8 13. Nd2 Na5 14.
Nb3 Nxb3 15. axb3 Qa5 16. Rc2 Qb4 17. Rfc1 Qxb3 18. Nb1 Rxc2 19. Rxc2 Rc8 20. Rxc8+ Bxc8 21. Bc7 Bf5 22. Bxf5 gxf5 23. Ba5 Qa2 24. Na3 Ne4 25. Bb4 e6 26. f3 Ng3 27. Qc2 Qa1+ 28. Kf2 Nh1+ 29.
Ke2 h6 30. Qb1 Qxb1 31. Nxb1 f4 32. Bd6 Ng3+ 33. Kf2 fxe3+ 34. Kxg3 Bxd4 35. Nc3 f5 36. f4 e2 37. Nxe2 Bxb2 38. Kf3 a5 39. Ke3 a4 40.
Nd4 a3 41. Bxa3 Bxa3 42. Nxb5 Bc5+ 43. Kf3 Kf7 44. g4 Kg6 45. Nc7 Kf6 46. Nb5 fxg4+ 47. hxg4 Ke7 48. Nc3 Bd4 49. Ne2 Bf6 50. Ng3 Kd6 51.
Nh5 Bh8 52. g5 hxg5 53. fxg5 Ke7 54. Nf4 Be5 55. Nh5 Kf7 0-1

[Event "Early-Titled-Tuesday-Blitz-January-16-2024"]
[Site "Chess.com"]
[Date "2024.01.16"]
[Round "7"]
[White "Allion2017"]
[Black "laiciffOneslraCsungaM"]
[Result "0-1"]
[WhiteElo "2041"]
[BlackElo "2375"]
[TimeControl "180+1"]
[EndTime "9:23:28 PST"]
[Termination "laiciffOneslraCsungaM won on time"]

1. d4 Nf6 2. c4 c5 3. d5 e6 4. Nc3 exd5 5. cxd5 d6 6. Nf3 g6 7. g3 Bg7 8. Bg2 O-O 9. O-O Re8 10. Nd2 Nbd7 11.
a4 b6 12. h3 a6 13. Nc4 Ne5 14. Na3 Nh5 15. f4 Nxg3 16. fxe5 Nxf1 17. Qxf1 b5 18. axb5 axb5 19. Ncxb5 Bxe5 20. Qf3 Bd7 21. Rb1 Qb6 22. Nc3 Qb3 23. Bd2 Bf5 24. e4 Bd4+ 25. Kh1 Bxc3 26. Bxc3 Rxe4 27. Rf1 Qxd5 28. Qg3 Qe6 29. Bxe4 Bxe4+ 30.
Kh2 d5 31. Nb5 d4 32. Nxd4 cxd4 33. Bxd4 Rc8 34. Bc3 Rd8 35. Rf2 Bf5 36. Qf4 Rd1 37.
Qh6 Qd6+ 38. Qf4 Qxf4+ 39. Rxf4 Kf8 40. Rc4 Ke7 41. Rc7+ Ke6 42. Rc6+ Rd6 43. Rc7 Rd7 44.
Rc6+ Kd5 45. Rf6 Ke4 46. Kg3 h5 47. h4 Rd3+ 48. Kg2 Be6 49. Rf2 Rh3 50. Re2+ Kd3 51. Bf6 Kxe2 0-1

[Event "Early-Titled-Tuesday-Blitz-January-16-2024"]
[Site "Chess.com"]
[Date "2024.01.16"]
[Round "7"]
[White "ZuraTqebuchava"]
[Black "abelmat"]
[Result "1-0"]
[WhiteElo "2147"]
[BlackElo "2055"]
[TimeControl "180+1"]
[EndTime "9:23:29 PST"]
[Termination "ZuraTqebuchava won on time"]

1. e4 e6 2. d3 d5 3. Nd2 Nc6 4. g3 Nf6 5. Bg2 dxe4 6. dxe4 e5 7. Ngf3 Bc5 8. O-O O-O 9. h3 a5 10. a4 b6 11. Nb3 Bd6 12. Re1 Qe7 13. Nh4 g6 14. Bh6 Re8 15. Qf3 Bb7 16. Bg5 Kg7 17. Rad1 Qe6 18. Bxf6+ Qxf6 19. Qg4 Bc8 20. Qe2 Nb4 21.
Qd2 Be6 22. Nc1 Rad8 23. Nd3 Nxd3 24. cxd3 Bb4 25. Qc2 Bxe1 26. Rxe1 Rd7 27. Nf3 Red8 28. Re3 h6 29. Qc3 c5 30. Nxe5 Rd4 31. Nc6 R8d7 32. Rf3 Qg5 33. Nxd4 cxd4 34. Qe1 Qc5 35. h4 Rc7 36. h5 g5 37. Kh1 Bg4 38. Kh2 Bxf3 39.
Bxf3 Qe5 40. Qe2 Rc5 41. Bg4 Rc1 42. Qf3 Qf6 43. Bf5 Kf8 44. Kg2 Kg7 45. Qe2 Rc6 46.
Qd2 Rd6 47. b4 axb4 48. Qxb4 Qe5 49. Qb2 1-0

[Event "Early-Titled-Tuesday-Blitz-January-16-2024"]
[Site "Chess.com"]
[Date "2024.01.16"]
[Round "7"]
[White "Vazabanga"]
[Black "maximnovik"]
[Result "1-0"]
[WhiteElo "2688"]
[BlackElo "2513"]
[TimeControl "180+1"]
[EndTime "9:23:30 PST"]
[Termination "Vazabanga won by checkmate"]

1. d4 Nf6 2. c4 g6 3. g3 c6 4. Bg2 d5 5. Nf3 Bg7 6. O-O O-O 7. cxd5 cxd5 8. Ne5 Ng4 9. Nxg4 Bxg4 10. h3 Bf5 11. Nc3 Nc6 12. Nxd5 Nxd4 13. e4 Be6 14. Be3 Bxd5 15.
exd5 Nf5 16. Bc5 Nd6 17. Qe2 Bf6 18. Rac1 Qd7 19. Rc2 a6 20. Rfc1 Rac8 21. h4 h5 22. b3 Qb5 23. Qd2 Rcd8 24. Be3 Nf5 25. Rc5 Qd7 26.
Rc7 Qb5 27. R1c5 Qb6 28. R5c6 Qb5 29. Rb6 Qe8 30. Rbxb7 Nxe3 31. Qxe3 Rd6 32. a4 Qd8 33. b4 Kg7 34. b5 axb5 35. axb5 Qa8 36. Kh2 Qa1 37.
Qe2 Ra8 38. Rc2 Qb1 39. Qc4 Ra1 40. Rb8 Qg1+ 41. Kh3 Qd1 42. Qc8 Kh7 43. Qg8+ Kh6 44. Qf8+ Kh7 45. Qg8+ Kh6 46. Qf8+ Bg7 47. Qc8 Rf6 48.
Rb7 Rf5 49. Rxe7 Qg4+ 50. Kh2 Ra3 51. Re4 Qd1 52. Qc4 Ra1 53. Qe2 Qg1+ 54. Kh3 Rb1 55. d6 Bf6 56. d7 g5 57. hxg5+ Bxg5 58. Re5 Rxe5 59. Qxe5 Qd1 60. Qh8+ Kg6 61. Rc6+ f6 62. Qg8+ Kh6 63. Qf8+ Kg6 64. Be4# 1-0

[Event "Early-Titled-Tuesday-Blitz-January-16-2024"]
[Site "Chess.com"]
[Date "2024.01.16"]
[Round "7"]
[White "Buzhizhebuguai"]
[Black "WhiteKnight2612"]
[Result "1/2-1/2"]
[WhiteElo "2676"]
[BlackElo "2864"]
[TimeControl "180+1"]
[EndTime "9:23:31 PST"]
[Termination "Game drawn by stalemate"]

1. Nf3 Nf6 2. g3 g6 3. b3 Bg7 4. Bb2 O-O 5. Bg2 b6 6. O-O Bb7 7. c4 c5 8. Nc3 Nc6 9. d4 Nxd4 10. Nxd4 Bxg2 11. Kxg2 cxd4 12. Qxd4 d6 13. e4 Qc7 14.
Rac1 Qb7 15. Nd5 Ne8 16. Qd2 Bxb2 17. Qxb2 e6 18. Nc3 f5 19. f3 Rd8 20. Rcd1 fxe4 21. Nxe4 d5 22. cxd5 Rxd5 23. Qc3 h6 24. h4 Kh7 25.
Rfe1 Qf7 26. Rxd5 exd5 27. Nf2 Ng7 28. Ng4 Nf5 29. Ne5 Qg7 30. Qd3 d4 31. h5 gxh5 32. g4 hxg4 33. fxg4 Kh8 34. Kh3 Ne7 35. Qxd4 Qf6 36.
Kg2 Kg7 37. Nf3 Ng6 38. Qxf6+ Kxf6 39. Kg3 Rc8 40. Re2 Rc3 41. Kf2 Nf4 42. Rd2 Nd3+ 43. Kf1 Nc5 44. Ke2 Ne4 45. Rd4 Nc5 46. Rd6+ Kg7 47.
Nd4 Rh3 48. Nf5+ Kh7 49. Rc6 Ne4 50. b4 Nc3+ 51. Kf2 Nxa2 52. b5 Nb4 53. Kg2 Nxc6 54.
Kxh3 Ne5 55. Nd6 Kg6 56. Nc8 Kg5 57. Nxa7 Nxg4 58. Nc8 Nf2+ 59. Kg2 Ne4 60. Nxb6 Nc3 61. Nc4 Nxb5 62. Nd2 h5 63. Nf3+ Kg4 64. Ne5+ Kf4 65. Ng6+ Kg5 66. Ne5 Nd4 67. Nf3+ Nxf3 68. Kxf3 h4 69.
Kg2 Kg4 70. Kh2 h3 71. Kh1 Kg3 72. Kg1 h2+ 73. Kh1 Kh3 1/2-1/2

[Event "Early-Titled-Tuesday-Blitz-January-16-2024"]
[Site "Chess.com"]
[Date "2024.01.16"]
[Round "7"]
[White "Egor_Koshulyan"]
[Black "Fandorine"]
[Result "1-0"]
[WhiteElo "2704"]
[BlackElo "2967"]
[TimeControl "180+1"]
[EndTime "9:23:35 PST"]
[Termination "Egor_Koshulyan won by resignation"]

1. e4 e5 2. Nf3 Nc6 3. c3 d5 4. exd5 Qxd5 5. d4 exd4 6. cxd4 Nf6 7. Nc3 Bb4 8. Be2 O-O 9. O-O Bxc3 10. bxc3 Bg4 11. Be3 Rfe8 12. c4 Qf5 13. Rb1 Ne4 14. Qc2 Nd6 15. Bd3 Qh5 16. Ng5 h6 17. Ne4 Nxe4 18. Bxe4 Rxe4 19. Qxe4 Bf5 20. Rb5 Bxe4 21. Rxh5 b6 22. Rb5 Rd8 23. Rd1 Na5 24. c5 Bc6 25. Rbb1 Nc4 26. Rdc1 Bd5 27. a4 Re8 28. Rc3 a6 29. cxb6 cxb6 30. Rb4 Rc8 31. h3 Rc6 32. Kh2 f6 33. Rb1 Kf7 34. Bf4 Ke6 35. Re1+ Kd7 36. Rc2 g5 37. Bg3 h5 38. h4 g4 39. Rce2 Re6 40.
Rxe6 Bxe6 41. f3 gxf3 42. gxf3 b5 43. axb5 axb5 44. Rb1 Kc6 45. Be1 Bd5 46. Kg3 Nd6 47.
Kf4 Bc4 48. Bb4 Nc8 49. Rc1 Nb6 50. Kf5 Nd7 51. Be7 Kd5 52. Bxf6 b4 53. Be7 b3 54.
Ba3 Nb8 55. Kg5 Nc6 56. Kxh5 Nxd4 57. f4 Bd3 58. Bb2 Nc2 59. Rd1 Ke4 60. Kg5 Be2 61. Re1 Kf3 62. Rc1 Bd3 63. f5 Ne3 64. f6 1-0

[Event "Early-Titled-Tuesday-Blitz-January-16-2024"]
[Site "Chess.com"]
[Date "2024.01.16"]
[Round "7"]
[White "Grossboss19"]
[Black "Doublekk14"]
[Result "1/2-1/2"]
[WhiteElo "2538"]
[BlackElo "2270"]
[TimeControl "180+1"]
[EndTime "9:23:38 PST"]
[Termination "Game drawn by stalemate"]

1. e3 e5 2. c4 Nf6 3. Nc3 c6 4. Nf3 Qc7 5. d4 d6 6. Be2 Be7 7. O-O h6 8. b3 O-O 9. Bb2 e4 10. Nd2 d5 11. Rc1 Qd8 12. cxd5 cxd5 13. Nb5 Nc6 14. f4 exf3 15. Bxf3 a6 16. Nc3 Be6 17. Ne2 Nb4 18. Nf4 Nxa2 19. Ra1 Nb4 20. Nxe6 fxe6 21.
e4 Nd3 22. Bc3 Rc8 23. Ba5 b6 24. Qe2 Nf4 25. Qe3 bxa5 26. Qxf4 Nxe4 27. Qe3 Bg5 28. Qe2 Nxd2 29. Qxe6+ Kh8 30. Rf2 Nxf3+ 31. gxf3 Re8 32. Qxa6 Be3 33. Rf1 Bxf2+ 34. Rxf2 Rc1+ 35. Kg2 Qg5+ 36. Kh3 Qh5+ 37. Kg2 Qg5+ 38. Kh3 Rc3 39. Qxa5 Ree3 40. Qa8+ Kh7 41. Qf8 Qg6 42. b4 Qe6+ 43. Kg3 Qf6 44. Qxf6 gxf6 45. Kf4 Red3 46. b5 Rxd4+ 47. Kf5 Rdd3 48.
f4 Rb3 49. Re2 Rxb5 50. Re7+ Kg8 51. Kg6 Kf8 52. Rf7+ Ke8 53. h4 Re3 54. Rh7 Re7 55.
Rh8+ Kd7 56. f5 Rb4 57. Ra8 Rxh4 58. Kxf6 Rhe4 59. Ra7+ Kc6 60. Rxe7 Rf4 61. Ke5 Rf1 62. f6 Re1+ 63. Kf5 Rxe7 64. fxe7 Kd7 65. Ke5 Kxe7 66.
Kxd5 Kf6 67. Ke4 Kg5 68. Kf3 h5 69. Kg2 h4 70. Kh1 Kg4 71. Kg1 Kg3 72. Kh1 h3 73. Kg1 h2+ 74. Kh1 Kh3 1/2-1/2

[Event "Early-Titled-Tuesday-Blitz-January-16-2024"]
[Site "Chess.com"]
[Date "2024.01.16"]
[Round "7"]
[White "starworld123"]
[Black "TigrVShlyape"]
[Result "1/2-1/2"]
[WhiteElo "2849"]
[BlackElo "2941"]
[TimeControl "180+1"]
[EndTime "9:23:42 PST"]
[Termination "Game drawn by repetition"]

1. Nf3 Nf6 2. c4 c6 3. d4 d5 4.
Qc2 g6 5. Bf4 dxc4 6. Qxc4 Bg7 7.
Nc3 Bg4 8. e3 Bxf3 9. gxf3 Nbd7 10. Qb3 Qb6 11. Bc4 O-O 12. O-O Qxb3 13. Bxb3 Nh5 14.
Bg3 e6 15. Bd6 Rfd8 16. f4 Bf8 17. Ne4 Nhf6 18. Bxf8 Kxf8 19. Nd6 Rab8 20. Rac1 Ke7 21. Nc4 c5 22. Rfd1 cxd4 23. Rxd4 Rbc8 24. Rcd1 Nc5 25.
Nd6 Rb8 26. Bc2 a5 27. a3 Ne8 28. Nb5 Rxd4 29. Rxd4 Rd8 30. Rc4 b6 31. b4 axb4 32. axb4 Nd7 33. Nd4 Ra8 34. Be4 Ra1+ 35. Kg2 Nd6 36. Nc6+ Ke8 37. Rd4 Nxe4 38. Rxe4 Rc1 39.
Na7 Ra1 40. Nb5 Rc1 41. Rd4 Ke7 42. Nd6 Nf6 43. e4 Nh5 44. e5 Ng7 45. Rd2 Ne8 46.
Nxe8 Kxe8 47. Rd6 b5 48. Rb6 Rc4 49. Rxb5 Rxf4 50. Rb8+ Kd7 51. Rb7+ Kc6 52. Re7 Kd5 53. b5 Kxe5 54. b6 Kf6 55. b7 Rb4 56. Rc7 h5 57. f4 Rb3 58. Kf2 h4 59. Kg2 h3+ 60. Kf2 g5 61. fxg5+ Kg6 62. Re7 Kxg5 63. Rxf7 e5 64.
Rg7+ Kf4 65. Rf7+ Kg4 66. Rg7+ Kf4 67. Rf7+ Kg4 68. Rg7+ Kf4 1/2-1/2

[Event "Early-Titled-Tuesday-Blitz-January-16-2024"]
[Site "Chess.com"]
[Date "2024.01.16"]
[Round "7"]
[White "PolandHussars"]
[Black "Rodalquilar"]
[Result "1-0"]
[WhiteElo "2609"]
[BlackElo "2770"]
[TimeControl "180+1"]
[EndTime "9:23:42 PST"]
[Termination "PolandHussars won on time"]

1. e4 d5 2. exd5 Qxd5 3. Nc3 Qa5 4. g3 Nf6 5. Bg2 e5 6. d3 c6 7. Nf3 Bd6 8. O-O O-O 9. Re1 h6 10. h3 Bf5 11. Bd2 Qc7 12. Ne4 Nxe4 13. dxe4 Be6 14. Bc3 Nd7 15. Qd2 Rad8 16. Rad1 Nb6 17. b3 Bb4 18.
Qe3 Bxc3 19. Qxc3 f6 20. Qa5 a6 21. Bf1 Na8 22. Qc3 Qe7 23. Bc4 Nc7 24. Nh4 Bxc4 25. Qxc4+ Qf7 26. Qxf7+ Kxf7 27. Nf5 Nb5 28. a4 Nd4 29.
Nxd4 Rxd4 30. Rxd4 exd4 31. f4 Ke6 32. e5 Rd8 33. exf6+ Kxf6 34. Rd1 c5 35. Kf2 Re8 36. b4 b6 37. a5 cxb4 38. axb6 Rb8 39. Rxd4 Rxb6 40.
Ke3 a5 41. Rd5 a4 42. Ra5 a3 43. Kd4 Rc6 44. Ra4 Rxc2 45. Rxb4 a2 46. Ra4 Rh2 47. Ra6+ Kf5 48. Ra5+ Kg6 49. Ra6+ Kh7 50. g4 Rxh3 51. Rxa2 Rg3 52. g5 h5 53. Ke4 h4 54. Kf5 h3 55.
Rh2 g6+ 56. Kf6 Rf3 57. Ke5 Kg7 58. Ra2 Rg3 59. Ra7+ Kg8 60. Ra8+ Kg7 61. Ra7+ Kg8 62. Kf6 h2 63. Kxg6 Kf8 64. Ra8+ Ke7 65. Rh8 Rg2 66. f5 Kd6 67. f6 Ke5 68. f7 1-0

[Event "Early-Titled-Tuesday-Blitz-January-16-2024"]
[Site "Chess.com"]
[Date "2024.01.16"]
[Round "7"]
[White "gabduschew"]
[Black "Lady_Nika"]
[Result "1-0"]
[WhiteElo "2455"]
[BlackElo "2581"]
[TimeControl "180+1"]
[EndTime "9:23:42 PST"]
[Termination "gabduschew won by resignation"]

1. b3 d5 2. Bb2 e6 3. e3 f5 4.
f4 Nf6 5. Nf3 c6 6. Be2 Bd6 7.
O-O Nbd7 8. a4 O-O 9. a5 a6 10. c4 Qe7 11. Ne5 Ne4 12. d3 Nef6 13. Nd2 Bc5 14. Bd4 Bxd4 15. exd4 Qd6 16. Ndf3 Ng4 17. Nxg4 fxg4 18. Ne5 h5 19. c5 Qc7 20. Qe1 Nxe5 21.
fxe5 Qe7 22. Rxf8+ Kxf8 23. Qg3 Kg8 24. h3 gxh3 25.
gxh3 h4 26. Qg6 Bd7 27. Bg4 Rf8 28. Ra2 Rf4 29. Ra4 Qf7 30. Qxf7+ Kxf7 31. Rb4 Bc8 32. Kg2 Kg6 33. Bf3 Kf5 34. Kf2 g5 35. Ke3 Kg6 36. Ra4 Rf7 37. Ra1 Bd7 38. Bg4 Rf4 39. Rg1 Kh6 40. Bf3 Be8 41. Ra1 Kg6 42. Ra4 Kf5 43.
Rb4 Rxf3+ 44. Kxf3 Bh5+ 45. Ke3 g4 46. hxg4+ Kxg4 47. Rxb7 h3 48. Rg7+ Kh4 49. Kf2 Bg4 50. Rh7+ Kg5 51.
Kg3 Bf5 52. Rg7+ Kh5 53. Ra7 Bxd3 54. Rc7 Bb5 55. Kxh3 Kg5 56. Kg3 Kf5 57. Kf3 Bd3 58.
Ke3 Bb5 59. Re7 Bf1 60. Rf7+ 1-0

[Event "Early-Titled-Tuesday-Blitz-January-16-2024"]
[Site "Chess.com"]
[Date "2024.01.16"]
[Round "7"]
[White "Mistango"]
[Black "temiksmozg"]
[Result "1/2-1/2"]
[WhiteElo "2489"]
[BlackElo "2618"]
[TimeControl "180+1"]
[EndTime "9:23:47 PST"]
[Termination "Game drawn by repetition"]

1. e4 c5 2. d4 cxd4 3. c3 dxc3 4. Nxc3 Nc6 5. Nf3 e6 6. Bc4 Bb4 7. O-O a6 8. Bg5 f6 9. Be3 Nge7 10. Bb3 Bxc3 11.
bxc3 O-O 12. Nd4 Na5 13. Bc2 e5 14. Nb3 Nc4 15. Bc5 d6 16. Qe2 Be6 17. Rad1 Qc7 18. Bd3 b5 19. Be3 Nxe3 20. Qxe3 Rfc8 21. Rc1 Nc6 22.
Rfd1 Na5 23. Nxa5 Qxa5 24. Bb1 Rc6 25. f4 Rac8 26. h3 Bxa2 27. Bxa2+ Qxa2 28. Rd3 Qe6 29. Rcd1 R8c7 30. Rd5 h6 31. f5 Qe7 32. R1d3 Rb7 33.
Qd2 a5 34. Rxd6 Rxd6 35. Rxd6 b4 36. cxb4 axb4 37. Rd8+ Kh7 38. Qd5 Qf7 39. Qc6 b3 40. Qc8 g5 41. Kh2 b2 42. Rh8+ Kg7 43. Rg8+ Qxg8 44. Qxb7+ Qf7 45. Qxb2 Qc7 46. Qb5 h5 47. Qd5 Qf7 48. Qd6 Kh6 49. Qd8 Qg7 50. Qe8 g4 51.
h4 g3+ 52. Kg1 Kh7 53. Qxh5+ Qh6 54. Qf7+ Kh8 55. Qe8+ Kh7 56. Qe7+ Kh8 57. Qe8+ Kh7 58. Qf7+ Qg7 59. Qh5+ Qh6 60. Qe8 Qxh4 61. Qf7+ Kh8 62.
Qf8+ Kh7 63. Qf7+ Kh8 64. Qf8+ Kh7 65. Qf7+ 1/2-1/2

[Event "Early-Titled-Tuesday-Blitz-January-16-2024"]
[Site "Chess.com"]
[Date "2024.01.16"]
[Round "7"]
[White "sofaceindisguise"]
[Black "GroovyKettle"]
[Result "0-1"]
[WhiteElo "2691"]
[BlackElo "2947"]
[TimeControl "180+1"]
[EndTime "9:23:48 PST"]
[Termination "GroovyKettle won by resignation"]

1. d4 Nf6 2. c4 e6 3. Nc3 Bb4 4. e3 O-O 5. Ne2 d5 6. a3 Be7 7.
c5 a5 8. Rb1 Nbd7 9. Nf4 c6 10.
Nd3 b6 11. b4 Ba6 12. Be2 Bc4 13. O-O axb4 14. axb4 Qc7 15. f4 Ra7 16. Ne5 Bxe2 17. Qxe2 Nxe5 18. fxe5 Nd7 19. e4 bxc5 20. bxc5 Re8 21.
exd5 exd5 22. Bf4 Qc8 23. Rf3 Nf8 24. Rbf1 Ne6 25. Be3 Rf8 26. Qf2 Qe8 27. Qg3 Ra3 28. Ne2 Qd7 29. Nf4 Nxf4 30. Bxf4 Rxf3 31. Rxf3 Qe6 32. h3 Rb8 33. Rb3 Rxb3 34. Qxb3 h6 35. Qd3 g5 36. Bg3 Kg7 37. Kh2 Qg6 38. Qa6 h5 39.
Qb7 Qe6 40. Qb1 h4 41. Bf2 g4 42. hxg4 Qxg4 43. Qd3 Bg5 44. Kg1 Bf4 45. Kf1 f6 46.
exf6+ Kxf6 47. Qe2 Kf5 48. Qd3+ Kg5 49. Kg1 Bg3 50.
Qe3+ Kf5 51. Qd3+ Qe4 52. Qf1 Kg4 53. Qd1+ Kg5 54. Qd2+ Kf5 55. Qd1 Qf4 56. Qd3+ Kf6 57. Be3 Qf5 58. Qd1 Qe4 59. Qf3+ Qxf3 60. gxf3 h3 61. Kh1 Kf5 62. Kg1 Bf4 63. Bf2 Ke6 64. Kh1 Kd7 65. Kg1 Kc8 66. Kh1 Kb7 67. Kg1 Ka6 68. Bh4 Kb5 69. Bf6 Kc4 70. Be5 Bxe5 71. dxe5 Kxc5 72. f4 d4 73. e6 Kd6 74. f5 d3 75. Kf2 d2 0-1

[Event "Early-Titled-Tuesday-Blitz-January-16-2024"]
[Site "Chess.com"]
[Date "2024.01.16"]
[Round "7"]
[White "NastyaHn"]
[Black "Yurasova_Daria"]
[Result "1-0"]
[WhiteElo "2318"]
[BlackElo "2433"]
[TimeControl "180+1"]
[EndTime "9:23:48 PST"]
[Termination "NastyaHn won by checkmate"]

1. Nc3 d5 2. e4 c6 3. Nf3 dxe4 4. Nxe4 Nf6 5. Nxf6+ exf6 6. d4 Be7 7. Be2 O-O 8. O-O Bf5 9. Bf4 Nd7 10. c4 Nb6 11. a4 Bg6 12. a5 Nd7 13. Qb3 Qc8 14. Rac1 Re8 15. Bd3 Nf8 16. Bg3 Ne6 17. Bxg6 hxg6 18. d5 Nc5 19. Qc2 Qf5 20. Qxf5 gxf5 21. Nd4 f4 22.
Bxf4 Nd3 23. dxc6 Nxf4 24. cxb7 Rab8 25. a6 Bc5 26. Nc6 Ne2+ 27. Kh1 Nxc1 28. Nxb8 Nd3 29.
Nd7 Bd6 30. g3 Rd8 31. c5 Bxc5 32. Nxc5 Nxc5 33. Rc1 Nxa6 34. Rc8 Rf8 35. Kg2 f5 36. Kf3 f6 37. Ke3 g6 38. Kd4 Nb8 39. Kd5 Kf7 40. Kd6 Na6 41. b4 Re8 42. b5 Re6+ 43. Kd7 Re7+ 44.
Kd6 Rxb7 45. bxa6 Rb6+ 46. Rc6 Rb2 47. Rc7+ Kg8 48. Rxa7 Rxf2 49. Ke6 Rxh2 50. Kxf6 Rg2 51. Rb7 Ra2 52. a7 Ra6+ 53. Kg5 f4 54. gxf4 Ra5+ 55. Kxg6 Ra6+ 56. Kg5 Ra5+ 57. f5 Kh8 58. Rb8+ Kg7 59. a8=Q Rxa8 60. Rxa8 Kf7 61. f6 Ke6 62. Ra7 Kd6 63.
f7 Ke6 64. f8=Q Kd5 65. Qd8+ Kc6 66. Qd7+ Kc5 67. Rc7+ Kb4 68. Qd4+ Kb3 69. Qb6+ Ka2 70. Ra7# 1-0

[Event "Early-Titled-Tuesday-Blitz-January-16-2024"]
[Site "Chess.com"]
[Date "2024.01.16"]
[Round "7"]
[White "Gryffindorac8"]
[Black "Shuvalov"]
[Result "1-0"]
[WhiteElo "2364"]
[BlackElo "2497"]
[TimeControl "180+1"]
[EndTime "9:23:48 PST"]
[Termination "Gryffindorac8 won by resignation"]

1. d4 Nf6 2. c4 g6 3. Nc3 d5 4. cxd5 Nxd5 5. e4 Nxc3 6. bxc3 Bg7 7. Bc4 c5 8. Ne2 O-O 9. O-O Nc6 10. Be3 Bg4 11. f3 Na5 12. Bd3 cxd4 13. cxd4 Be6 14. d5 Bxa1 15. Qxa1 f6 16. Rb1 Bd7 17. h4 b5 18. Bxb5 Bxb5 19. Rxb5 Nc4 20. Bh6 Re8 21.
Nd4 Qd6 22. Nc6 Ne5 23. Nxe5 Qxe5 24. Qxe5 fxe5 25. Rb7 a5 26. Bd2 Kf8 27. Bc3 Reb8 28. Rc7 Rc8 29. Bxa5 Rxc7 30. Bxc7 Rxa2 31. Bxe5 Kf7 32.
Kh2 h5 33. Kg3 Rc2 34. Bf4 Ra2 35. Bg5 Rc2 36. Kh3 Rc3 37. Kg3 Rb3 38. Kf4 Rb2 39.
g4 hxg4 40. fxg4 Rg2 41. h5 gxh5 42. gxh5 Rg1 43. Kf5 Rf1+ 44. Bf4 Rh1 45. h6 Rf1 46. e5 Rf2 47. d6 exd6 48. exd6 Rf1 49. Ke4 Rd1 50.
Be5 Kg6 51. Bd4 Re1+ 52. Kd5 Re8 53. Bg7 Re1 54. d7 Rd1+ 55. Ke6 Re1+ 56. Kd6 Rd1+ 57.
Ke7 Re1+ 58. Kd6 Rd1+ 59. Kc7 Rc1+ 60. Kd8 Kf7 61. Be5 Kg6 62. Bg7 Kf7 63. Bd4 Kg6 64. Be3 Rc2 65. Ke7 Re2 66. d8=Q Rxe3+ 67. Kf8 Rf3+ 68. Kg8 Kxh6 69. Qh4+ Kg6 70. Qg4+ Kh6 71. Qxf3 1-0

[Event "Early-Titled-Tuesday-Blitz-January-16-2024"]
[Site "Chess.com"]
[Date "2024.01.16"]
[Round "7"]
[White "Grischuk"]
[Black "Jumbo"]
[Result "1/2-1/2"]
[WhiteElo "3084"]
[BlackElo "2935"]
[TimeControl "180+1"]
[EndTime "9:23:49 PST"]
[Termination "Game drawn by repetition"]

1. d4 d5 2. c4 c6 3. Nf3 Nf6 4. cxd5 cxd5 5. Nc3 Nc6 6. Bf4 Bf5 7. Qb3 Na5 8. Qa4+ Bd7 9. Qc2 Rc8 10. e3 a6 11.
Bd3 e6 12. O-O Bb4 13. Ne5 h6 14. Rfc1 O-O 15. Qe2 Qe7 16. h3 Nc6 17. Nxd7 Nxd7 18. Na4 Bd6 19. Bxd6 Qxd6 20. a3 e5 21. dxe5 Ncxe5 22.
Bf5 g6 23. Bxd7 Nxd7 24. Nc3 Nf6 25. Rd1 Rc5 26. Rd4 Qe5 27. Rad1 Rfc8 28. Qf3 b5 29. g3 Kg7 30. Kg2 h5 31. R1d2 Rd8 32. Qf4 Qxf4 33. gxf4 Rd7 34. e4 Rc4 35. e5 Rxd4 36. Rxd4 Ne8 37. Rxd5 Rc7 38. Kf3 Rc4 39. Rd7 Nc7 40. Ne4 Ne6 41. b4 Kf8 42. Ra7 Nd4+ 43. Kg2 Ne6 44. Nd6 Rxf4 45. Rxa6 Nd4 46. Ra8+ Ke7 47. Rb8 h4 48. Nxb5 Nc2 49. Rb7+ Ke6 50. Rc7 Ne1+ 51. Kf1 Nd3 52. Ke2 Nxe5 53. Rc3 Kd5 54. Rc5+ Ke6 55. Nc3 Rd4 56. Nb5 Rd7 57. Rc3 g5 58. Re3 f5 59. Rc3 Kf6 60. a4 g4 61. a5 Ng6 62.
hxg4 fxg4 63. Rc6+ Kg5 64. Rc5+ Kf6 65. Rc6+ Kg5 66. Rc5+ Kf6 67. Rc6+ 1/2-1/2

[Event "Early-Titled-Tuesday-Blitz-January-16-2024"]
[Site "Chess.com"]
[Date "2024.01.16"]
[Round "7"]
[White "KuzubovYuriy"]
[Black "Anton_Demchenko"]
[Result "0-1"]
[WhiteElo "2887"]
[BlackElo "2988"]
[TimeControl "180+1"]
[EndTime "9:23:49 PST"]
[Termination "Anton_Demchenko won on time"]

1. e4 e5 2. Nf3 Nc6 3. Bb5 a6 4. Ba4 Nge7 5. c3 Ng6 6. d4 exd4 7. cxd4 Bb4+ 8. Bd2 O-O 9. O-O Bxd2 10. Qxd2 d5 11. e5 Bg4 12. Ne1 f6 13. f3 Bd7 14.
Bxc6 Bxc6 15. exf6 Qxf6 16. Nc3 Nf4 17. Nc2 Bb5 18.
Rfe1 Rad8 19. Ne3 Nd3 20. Red1 Nf4 21. Ng4 Qf5 22. Re1 h5 23. Re5 Qg6 24. Ne3 Bc6 25. Rd1 Rd6 26. g3 h4 27. Ng4 hxg3 28. hxg3 Nh5 29. Kg2 Nf6 30. Rg5 Qe8 31. Nh6+ Kh8 32. Nf5 Rd7 33. Rh1+ Nh7 34. Ne3 Kg8 35. Re5 Re7 36.
Ng4 Nf6 37. Nxf6+ Rxf6 38. Rhe1 Rxe5 39. Rxe5 Qf7 40. Qe3 Kf8 41. Ne2 Rf5 42. Nf4 Rxe5 43. Qxe5 Kg8 44. a3 a5 45. g4 a4 46. Kg3 Kf8 47.
g5 Kg8 48. g6 Qd7 49. Qe6+ Kf8 50. Kg4 Qxe6+ 51. Nxe6+ Ke7 52. Nxg7 Kf6 53. Nh5+ Kxg6 54. Nf4+ Kf6 55. Nd3 b6 56. Kf4 Bb7 57. Ke3 Ke6 58. Kf4 Kd6 59. Ke3 c5 60. f4 Bc8 61. Ne5 Bf5 62. Nf3 Be4 63. Ng5 Bf5 64. Nf7+ Ke7 65.
Ne5 Kd6 66. Nf3 Bb1 67. Nd2 Bc2 68. Nf1 Bb1 69. Ng3 Ke6 0-1